 Dungeon Crawl Stone Soup version 0.23.2-40-g277498a001 (webtiles) character file.

Game seed: 1422509698076921514

119 Descartes the Insei (level 5, -1/26 HPs)
             Began as a Vine Stalker Transmuter on Oct 13, 2019.
             Was an Initiate of Dithmenos.
             Succumbed to an orc wizard's poison
             ... on level 3 of the Dungeon.
             The game lasted 00:06:41 (3122 turns).

Descartes the Insei (Vine Stalker Transmuter)       Turns: 3122, Time: 00:06:42

Health: -1/26      AC:  3    Str: 15    XL:     5   Next: 3%
Magic:  6/9        EV: 12    Int: 13    God:    Dithmenos [......]
Gold:   71         SH:  0    Dex: 15    Spells: 8/9 levels left

rFire    . . .     SeeInvis +     - Unarmed
rCold    . . .     Gourm    .   (no shield)
rNeg     . . .     Faith    .   b - +0 robe
rPois    .         Spirit   +   s - +0 helmet
rElec    .         Reflect  .   (no cloak)
rCorr    .         Harm     .   (no gloves)
MR       .....                  (no boots)
Stlth    ++........             (no amulet)
HPRegen  0.48/turn              e - ring of see invisible
MPRegen  0.11/turn              p - +2 ring of strength

@: lethally poisoned (-1 -> -25)
A: fangs 2, regeneration 1, magic shield, antimagic bite, no potion heal 3, rot
immunity
a: Renounce Religion


You were on level 3 of the Dungeon.
You worshipped Dithmenos.
Dithmenos was noncommittal.
You were not hungry.

You visited 1 branch of the dungeon, and saw 3 of its levels.

You collected 71 gold pieces.

Inventory:

Missiles
 a - 30 arrows
 i - 103 stones (quivered)
 j - 3 tomahawks
 l - 23 sling bullets
 w - 11 bolts
Armour
 b - a +0 robe (worn)
 s - a +0 helmet (worn)
Jewellery
 e - a ring of see invisible (left hand)
 p - a +2 ring of strength (right hand)
 v - a +6 ring of intelligence
Wands
 q - a wand of polymorph (5)
Scrolls
 g - 2 scrolls of teleportation {unknown}
 k - a scroll of enchant armour {unknown}
 m - a scroll of enchant weapon {unknown}
 n - a scroll of fear {unknown}
 u - a scroll of fog {unknown}
Potions
 c - a potion of berserk rage {unknown}
 f - a potion of haste {unknown}
 h - 2 potions of lignification {unknown}
 o - a potion of curing {unknown}
 r - a potion of brilliance {unknown}
Comestibles
 d - 3 rations
 t - 4 chunks of flesh


   Skills:
 + Level 1.7 Fighting
 + Level 1.0 Armour
 + Level 1.9 Dodging
 + Level 1.6 Stealth
 * Level 3.8 Unarmed Combat
 + Level 2.6 Spellcasting
 + Level 2.5 Transmutations


You had 8 spell levels left.
You knew the following spells:

 Your Spells              Type           Power        Failure   Level  Hunger
a - Beastly Appendage     Tmut           #.....       9%          1    #......

Your spell library contained the following spells:

 Spells                   Type           Power        Failure   Level  Hunger
 Sticks to Snakes         Tmut           #.......     13%         2    ###....
 Spider Form              Tmut/Pois      #.........   38%         3    ###....
 Ice Form                 Ice/Tmut       #.......     80%         4    #####..
 Blade Hands              Tmut           #.........   93%         5    ######.


Dungeon Overview and Level Annotations

Branches:
Dungeon (3/15)

Altars:
Ashenzari
Dithmenos
Trog

Annotations:
D:2 1 runed translucent door, Crazy Yiuf


Innate Abilities, Weirdness & Mutations

You have extremely sharp teeth.
Your natural rate of healing is unusually fast.
When hurt, damage is shared between your health and your magic reserves.
Your bite disrupts and absorbs the magic of your enemies.
Potions cannot restore your health.
You are immune to rotting.


Message History

The orc wizard is severely wounded.
You feel sick.
The orc wizard hits you but does no damage.
You are more poisoned.
The orc wizard hits you with a +1 dagger of venom.
You hit the orc wizard. Your bite misses the orc wizard.
The orc wizard is almost dead.
* * * LOW HITPOINT WARNING * * *
You feel sick.
The orc wizard hits you with a +1 dagger of venom.
* * * LOW HITPOINT WARNING * * *
You are more poisoned.
You barely miss the orc wizard. Your bite misses the orc wizard.
The orc wizard is almost dead.
* * * LOW HITPOINT WARNING * * *
You feel very sick.
The orc wizard falters for a moment.
You barely miss the orc wizard.
The orc wizard is almost dead.
You die...

#.#### ###
#######.# ..
#.......# ###.##
#.####### #....
#.#...# #...# .#
#.#.#.#
#...#...#
#.....# ######
#o......#
###.### #....#
#o# #.#
#.##.###@#
#.#####.##.....#
#.......########
#########


You could see an orc wizard and an orc.

Vanquished Creatures
  Terence (D:2)
  Robin (D:1)
  An adder (D:2)
  An ooze (D:2)
  An adder zombie (D:2)
  A worm (D:2)
  6 orcs (D:3)
  5 bats
  A bat skeleton (D:2)
  3 giant cockroaches
  10 goblins
  9 hobgoblins
  6 kobolds
  A ball python (D:1)
  3 frilled lizards (D:2)
  A jackal zombie (D:2)
  A leopard gecko skeleton (D:2)
  2 rats
54 creatures vanquished.

Notes
Turn   | Place    | Note
-------+----------+-------------------------------------------
     0 | D:1      | Descartes the Vine Stalker Transmuter began the quest for
                  | the Orb.
     0 | D:1      | Reached XP level 1. HP: 9/9 MP: 4/4
     2 | D:1      | Noticed a spriggan
     4 | D:1      | Noticed an elf
     4 | D:1      | Noticed a ghoul
     6 | D:1      | Noticed a formicid
     6 | D:1      | Noticed an octopode
     8 | D:1      | Noticed a dwarf
     8 | D:1      | Noticed a gargoyle
    10 | D:1      | Noticed a troll
    10 | D:1      | Noticed a halfling
    14 | D:1      | Noticed a felid
    14 | D:1      | Noticed a naga
    16 | D:1      | Noticed a demonspawn
    16 | D:1      | Noticed an ogre
    18 | D:1      | Noticed a draconian
    20 | D:1      | Noticed a minotaur
    20 | D:1      | Noticed a centaur
    22 | D:1      | Noticed a merfolk
    22 | D:1      | Noticed a demigod
    24 | D:1      | Noticed a human
    24 | D:1      | Noticed a tengu
    27 | D:1      | Noticed a vine stalker
    27 | D:1      | Noticed a vampire
   253 | D:1      | Reached skill level 1 in Fighting
   316 | D:1      | Reached XP level 2. HP: 14/14 MP: 6/6
  1293 | D:2      | Reached XP level 3. HP: 9/18 MP: 3/7
  1437 | D:2      | Reached skill level 1 in Stealth
  1479 | D:2      | Noticed Robin
  1510 | D:1      | Killed Robin
  1937 | D:2      | Gained mutation: Your natural rate of healing is unusually
                  | fast. [Vine Stalker growth]
  1937 | D:2      | Reached XP level 4. HP: 17/22 MP: 6/8
  2021 | D:2      | Found a shadowy altar of Dithmenos.
  2025 | D:2      | Found a shattered altar of Ashenzari.
  2027 | D:2      | Found a bloodstained altar of Trog.
  2030 | D:2      | Became a worshipper of Dithmenos the Shadowed
  2419 | D:2      | Found a runed translucent door.
  2420 | D:2      | Noticed Crazy Yiuf
  2756 | D:3      | Noticed Terence
  2782 | D:2      | Killed Terence
  2782 | D:2      | Reached skill level 1 in Armour
  3109 | D:3      | Reached XP level 5. HP: 20/26 MP: 5/9
  3121 | D:3      | HP: 1/26 [poisoned by an orc wizard]
  3122 | D:3      | Succumbed to an orc wizard's poison

Skill      XL: |  1  2  3  4 |
---------------+-------------+-----
Fighting       | 1 |  1.7
Stealth        | 1 |  1.6
Armour         | 1 |  1.0
Dodging        | |  1.9
Unarmed Combat | |  3.8
Spellcasting   | |  2.6
Transmutations | |  2.5

Action                   |  1- 3 |  4- 6 || total
-------------------------+-------+-------++-------
Melee: Unarmed           |   120 |    63 ||   183
       Bite              |    31 |    16 ||    47
       Punch             |     2 |     3 ||     5
 Cast: Beastly Appendage |       |     1 ||     1
 Stab: Sleeping          |     1 |     2 ||     3
  Eat: Chunk             |     3 |     4 ||     7
Armor: Robe              |    10 |    12 ||    22
       Skin              |     1 |       ||     1
Dodge: Dodged            |    53 |    28 ||    81
